 Dungeon Crawl Stone Soup version 0.26.0-9-gab577f9fc5 (webtiles) character file.

Game seed: 14895429130507821763

293749 Froggeryz the Warrior (level 21, -28/166 (180) HPs)
             Began as a Human Enchanter on Jan 13, 2021.
             Was a High Priest of Okawaru.
             Annihilated by a reaper
             ... wielding a +1 scythe of venom
             ... summoned by a deep elf demonologist
             ... led by an ironheart preserver
              (37 damage)
             ... on level 4 of the Vaults.
             The game lasted 01:58:49 (78394 turns).

Froggeryz the Warrior (Human Enchanter)            Turns: 78394, Time: 01:58:49

HP:   -28/166 (180) AC: 35    Str: 15    XL:     21   Next: 73%
MP:   27/27         EV:  7    Int: 21    God:    Okawaru [*****.]
Gold: 3173          SH: 15    Dex: 15    Spells: 24/24 levels left

rFire    + + +     SeeInvis +   c - +5 eveningstar (protect)
rCold    + . .     Faith    +   D - +0 kite shield
rNeg     . . .     Spirit   .   W - +2 plate armour of the Barnacle {rF+ Int+3}
rPois    +         Reflect  .   Q - +0 helmet {SInv}
rElec    +         Harm     .   y - +0 cloak {rCorr}
rCorr    +         Rampage  .   N - +1 pair of gloves {archery}
Will     ++...     Clarity  +   O - +2 pair of boots {Fly}
Stlth    ..........             U - amulet "Poyn Kac" {Faith rF+}
HPRegen  0.37/turn              I - ring of willpower
MPRegen  0.20/turn              r - ring of poison resistance

@: resistant, finesse, protection aura, hasted, drained, very quick
A: clarity, poison resistance
}: 2/15 runes: decaying, gossamer
a: Renounce Religion, Evoke Flight, Heroism, Finesse


You were on level 4 of the Vaults.
You worshipped Okawaru.
Okawaru was extremely pleased with you.
You visited 7 branches of the dungeon, and saw 36 of its levels.
You visited the Abyss 1 time.
You also visited: Ice Cave.

You collected 4020 gold pieces.
You spent 847 gold pieces at shops.

Inventory:

Hand Weapons
 c - a +5 eveningstar of protection (weapon)
Missiles
 x - 16 javelins
 C - 13 curare-tipped darts (quivered)
 L - 8 silver javelins
Armour
 d - a +0 tower shield of fire resistance
 y - a +0 cloak of preservation (worn)
 D - a +0 kite shield (worn)
 N - a +1 pair of gloves of archery (worn)
 O - a +2 pair of boots of flying (worn)
 Q - a +0 helmet of see invisible (worn)
 W - the +2 plate armour of the Barnacle (worn) {rF+ Int+3}
   (Okawaru gifted it to you on level 6 of the Lair of Beasts)

   It affects your intelligence (+3).
   It protects you from fire.
Jewellery
 i - an uncursed ring of flight
 r - a ring of poison resistance (right hand)
 s - an uncursed ring of fire
 A - a +6 ring of intelligence {unknown}
 I - a ring of willpower (left hand)
 U - the amulet "Poyn Kac" (around neck) {Faith rF+}
   (You acquired it on level 3 of the Abyss)

   [amulet of faith]

   It allows you to gain divine favour quickly.
   It protects you from fire.
 Y - an uncursed ring of protection from cold
 Z - an uncursed ring of ice
Wands
 p - a wand of iceblast (18)
 H - a wand of flame (97)
 K - a wand of digging (8)
 T - a wand of paralysis (10)
 V - a wand of disintegration (3)
Scrolls
 a - a scroll of holy word
 j - 20 scrolls of remove curse
 k - a scroll of enchant weapon
 l - 4 scrolls of magic mapping
 n - 7 scrolls of immolation
 u - 3 scrolls of identify
 B - 5 scrolls of amnesia
 M - 6 scrolls of enchant armour
Potions
 f - 9 potions of flight
 g - 4 potions of magic
 m - 5 potions of cancellation
 t - 3 potions of mutation
 z - a potion of berserk rage
 F - 6 potions of lignification
 P - a potion of invisibility
Miscellaneous
 b - a phantom mirror (inert)
 w - a condenser vane


   Skills:
 + Level 19.2 Fighting
 - Level 1.0 Short Blades
 - Level 16.1 Maces & Flails
 - Level 6.1 Throwing
 - Level 14.5 Armour
 - Level 2.0 Dodging
 - Level 3.0 Stealth
 + Level 18.6 Shields
 - Level 2.0 Spellcasting
 - Level 4.1 Hexes
 - Level 8.0 Invocations


You had 24 spell levels left.
You didn't know any spells.
Your spell library contained the following spells:

 Spells                   Type           Power        Failure   Level
 Corona                   Hex            21%          52%         1
 Confusing Touch          Hex            19%          88%         3
 Tukima's Dance           Hex            19%          88%         3
 Ensorcelled Hibernation  Hex/Ice        20%          91%         2
 Animate Skeleton         Necr           4%           98%         1
 Apportation              Tloc           4%           98%         1
 Magic Dart               Conj           8%           98%         1
 Sting                    Tmut/Pois      8%           98%         1
 Summon Small Mammal      Summ           8%           98%         1
 Call Imp                 Summ           2%           99%         2
 Poisonous Vapours        Pois/Air       4%           99%         2
 Searing Ray              Conj           4%           99%         2
 Dazzling Flash           Conj/Hex       20%          99%         3
 Portal Projectile        Hex/Tloc       20%          99%         3
 Summon Guardian Golem    Hex/Summ       10%          99%         3
 Call Canine Familiar     Summ           2%           100%        3
 Conjure Flame            Conj/Fire      2%           100%        3
 Gell's Gravitas          Tloc           1%           100%        3
 Mephitic Cloud           Conj/Pois/Air  2%           100%        3
 Spider Form              Tmut/Pois      1%           100%        3
 Fulminant Prism          Conj/Hex       5%           100%        4
 Hailstorm                Conj/Ice       2%           100%        4
 Ice Form                 Ice/Tmut       2%           100%        4
 Iskenderun's Mystic Bla  Conj/Tloc      2%           100%        4
 Petrify                  Tmut/Erth      2%           100%        4
 Summon Ice Beast         Ice/Summ       2%           100%        4
 Summon Lightning Spire   Summ/Air       2%           100%        4
 Bolt of Magma            Conj/Fire/Erth 1%           100%        5
 Iskenderun's Battlesphe  Conj           2%           100%        5
 Metabolic Englaciation   Hex/Ice        5%           100%        5
 Yara's Violent Unravell  Hex/Tmut       5%           100%        5
 Freezing Cloud           Conj/Ice/Air   1%           100%        6
 Invisibility             Hex            19%          100%        6
 Ozocubu's Refrigeration  Ice            1%           100%        6
 Simulacrum               Ice/Necr       1%           100%        6
 Statue Form              Tmut/Erth      1%           100%        6
 Orb of Destruction       Conj           1%           100%        7


Dungeon Overview and Level Annotations

Branches:
Dungeon (15/15)            Temple (1/1) D:6            Lair (6/6) D:9
  Swamp (4/4) Lair:2       Spider (4/4) Lair:3        Slime (0/5) Lair:5
    Orc (2/2) D:9             Elf (0/3) Orc:2        Vaults (3/5) D:13
 Depths (0/5) D:15          IceCv (visited)
  Crypt: Vaults:2-3

Altars:
Cheibriados
Dithmenos
Gozag
Kikubaaqudgha
Makhleb
Nemelex Xobeh
Okawaru
Ru
Sif Muna
Trog
Vehumet
Xom
Yredelemnul
The Shining One
Beogh

Shops:
D:7 *   D:9 ?[   D:11 *!   D:15 :   Orc:2 ::[}

Portals:
Hell: Lair:6

Annotations:
D:3 2 transporters, rabbi's ghost, amateur OpFE
Lair:2 exclusion: oklob plant
Lair:6 exclusion: oklob plant
Swamp:1 1 runed translucent door, Beaer's ghost, journeyman VSBr
Swamp:3 2 transporters
Vaults:2 1 transporter


Innate Abilities, Weirdness & Mutations

You possess an exceptional clarity of mind.
Your system is resistant to poisons. (rPois)


Message History

You thump the yaktaur!
The yaktaur is moderately wounded.
The yaktaur unwields a +0 arbalest.
The yaktaur hits you but does no damage.
The phantasmal warrior closely misses you.
You completely miss the yaktaur.
The yaktaur is moderately wounded.
The deep elf demonologist casts a spell.
You block the shadow demon's attack.
You closely miss the reaper. You puncture the reaper!
The reaper is lightly wounded.
The yaktaur hits you!
* * * LOW HITPOINT WARNING * * *
You block the phantasmal warrior's attack.
You hit the phantasmal warrior but do no damage.
The phantasmal warrior is lightly damaged.
You block the shadow demon's attack.
The reaper hits you with a +1 scythe of venom!!!
You die...

#########..
#§§§§......
#§W3......#
#@2e3.....#
#c2pO.§...#
#COWO.....#
#.§§§.....#.......
#..§§W....#.......
#.....e...#.......
##....D....#..O....
........ce.#...O...
........O(.#..cOO


You could see a frost giant (summoned), a death knight (summoned, reflects
damage), a reaper (summoned), a flayed ghost (summoned), a two-headed ogre, a
sun demon (summoned), a shadow demon (summoned), a deep elf demonologist, a
phantasmal warrior (summoned) and a yaktaur.

Vanquished Creatures
  Jorgrun (Spider:1)
  A tentacled starspawn (Abyss:3)
  Frances (D:14)
  Kirke (Lair:6)
  Agnes (Spider:2)
  2 fire giants (Vaults:2)
  4 ghost moths
  A frost giant (IceCv)
  4 emperor scorpions (Spider:4)
  Louise (Swamp:3)
  Aizul (Spider:2)
  5 vault wardens
  An orc warlord (Orc:2)
  A very ugly thing (Vaults:2)
  6 ironheart preservers
  5 starcursed masses (Abyss:3)
  A deep elf demonologist (Vaults:2)
  Azrael (Spider:1)
  4 entropy weavers
  A green draconian (Abyss:3)
  A deep elf annihilator (Vaults:2)
  The ghost of mokwee the Tainter, a journeyman OpVM of Sif Muna (Lair:6)
  3 bunyips
  A dire elephant (Lair:6)
  The ghost of Beaer the Slicer, a journeyman VSBr of Okawaru (Lair:6)
  5 eleionomae
  A deep elf death mage (Vaults:2)
  4 fire dragons
  A shambling mangrove (Swamp:4)
  A rakshasa (Vaults:1)
  4 vault guards
  4 yaktaur captains
  25 hydras
  6 boulder beetles
  An ice dragon (Vaults:2)
  A catoblepas (Lair:4)
  2 ghost crabs
  8 centaur warriors
  2 anacondas
  32 two-headed ogres
  10 alligators
  2 death knights
  9 ogre magi
  3 tengu warriors
  2 thrashing horrors (Abyss:3)
  A deep troll shaman (Vaults:1)
  9 death yaks
  A hell knight (D:15)
  3 deep troll earth magi
  Urug (D:12)
  A wretched star (Abyss:3)
  Sonja (Lair:5)
  A deep elf knight (Vaults:2)
  2 sixfirhies
  4 skeletal warriors (Vaults:2)
  A fire crab (shapeshifter) (Vaults:3)
  A shadow wraith (Vaults:4)
  A fire crab (Swamp:4)
  3 spriggan druids
  5 goliath frogs
  5 deep trolls
  A glowing orange brain (Vaults:2)
  5 unseen horrors
  A lindwurm (shapeshifter) (D:15)
  3 bog bodies
  2 deep elf archers (Vaults:2)
  3 wizards
  6 ironbrand convokers
  5 orc knights
  2 lindwurms
  6 swamp dragons
  A phantasmal warrior (Vaults:2)
  Pikel (D:8)
  2 orc sorcerers
  7 ugly things
  A faun (shapeshifter) (D:15)
  3 deep elf magi
  31 orb spiders
  12 cyclopes
  An oklob plant (Lair:1)
  5 will-o-the-wisps
  34 wolf spiders
  A moth of wrath (Spider:4)
  9 black mambas
  An ice statue (IceCv)
  3 elephants (Lair:4)
  7 vault sentinels
  A smoke demon (Lair:6)
  3 orange demons (Lair:6)
  3 gargoyles
  7 cane toads
  6 torpor snails
  Maggie (Lair:1)
  7 rime drakes
  13 komodo dragons
  15 yaktaurs
  25 demonic crawlers
  3 freezing wraiths
  An ice devil (Lair:5)
  An efreet (D:15)
  A red devil (Lair:6)
  A tengu conjurer (D:15)
  A harpy zombie (D:14)
  4 tyrant leeches
  3 ancient zymes (Abyss:3)
  14 trolls
  47 jumping spiders
  Grinder (D:3)
  A wind drake (shapeshifter) (Vaults:2)
  21 hornets
  20 polar bears
  5 slime creatures
  7 raiju (Abyss:3)
  4 blink frogs (Lair:4)
  A blink frog (shapeshifter) (D:8)
  A fire giant simulacrum (Vaults:2)
  A meliai zombie (D:11)
  2 shadows (D:15)
  A centaur simulacrum (D:14)
  A ynoxinul (Abyss:3)
  35 tarantellas
  3 large abominations (Abyss:3)
  A yak (shapeshifter) (Vaults:1)
  2 vampires
  82 redbacks
  9 spriggans
  9 humans (D:13)
  8 wraiths
  5 wyverns
  3 fire elementals (Spider:2)
  5 fire bats (Swamp:4)
  A hog (shapeshifter) (D:15)
  77 yaks
  3 steam dragons
  6 basilisks
  A chaos spawn (Abyss:3)
  9 vampire mosquitoes
  A soldier ant (D:14)
  14 swamp worms
  5 hell hounds
  9 wargs
  Duvessa (D:7)
  2 acid dragons
  18 water moccasins
  28 orc warriors
  A water moccasin (shapeshifter) (Vaults:1)
  5 swamp drakes
  5 black bears
  5 phantoms
  4 sky beasts
  3 small abominations (Abyss:3)
  16 ice beasts
  41 ogres
  28 wolves
  25 centaurs
  3 big kobolds
  28 bullfrogs
  A water moccasin zombie (D:5)
  Dowan (D:7)
  A gnoll sergeant (D:7)
  A wyvern skeleton (D:10)
  3 scorpions
  8 killer bees
  19 wights
  6 howler monkeys
  4 electric eels
  A centaur zombie (D:5)
  2 quasits
  8 centaur skeletons
  4 bullfrog skeletons
  8 jellies
  14 orc priests
  A gnoll shaman (D:5)
  7 hounds
  An iron imp (Abyss:3)
  28 orc wizards
  Crazy Yiuf (D:6)
  2 iguanas
  Jessica (D:2)
  8 worker ants
  18 adders
  9 gnolls
  2 white imps
  2 ufetubi (Abyss:3)
  An ooze (D:3)
  An adder skeleton (D:10)
  An adder zombie (D:7)
  A worm (D:3)
  A dart slug (D:1)
  5 leopard geckos
  101 orcs
  7 bats
  11 giant cockroaches
  13 goblins
  5 hobgoblins
  16 jackals
  2 quokkas
  3 ball pythons
  2 frilled lizards
  21 kobolds
  A leopard gecko skeleton (D:9)
  2 quokka skeletons
  A quokka zombie (D:7)
  5 rats
1451 creatures vanquished.

Vanquished Creatures (collateral kills)
  A two-headed ogre (Vaults:2)
1 creature vanquished.

Vanquished Creatures (others)
  3 swamp dragons (Swamp:4)
  A lindwurm (Swamp:4)
  A deep elf mage (Vaults:2)
  A komodo dragon (Lair:6)
  A bloated husk (Swamp:1)
  6 humans
  2 yaks (IceCv)
  4 steam dragons (Swamp:4)
  6 swamp drakes (Swamp:4)
  A wolf (IceCv)
  46 foxfires
  134 fungi
  143 plants
  2 starspawn tentacles (Abyss:3)
  4 withered plants (Swamp:1)
355 creatures vanquished.

Grand Total: 1807 creatures vanquished

Notes
Turn   | Place    | Note
-------+----------+-------------------------------------------
     0 | D:1      | Froggeryz the Human Enchanter began the quest for the Orb.
     0 | D:1      | Reached XP level 1. HP: 13/13 MP: 3/3
   509 | D:1      | Reached skill level 1 in Fighting
   509 | D:1      | Reached XP level 2. HP: 20/21 MP: 5/5
  1143 | D:1      | Reached skill level 1 in Maces & Flails
  1143 | D:1      | Reached XP level 3. HP: 26/26 MP: 6/6
  1396 | D:2      | Noticed Jessica
  1404 | D:2      | Killed Jessica
  1405 | D:2      | Reached XP level 4. HP: 14/32 MP: 7/7
  2687 | D:3      | Reached XP level 5. HP: 37/37 MP: 8/8
  2890 | D:3      | Reached skill level 1 in Armour
  3322 | D:3      | Reached XP level 6. HP: 41/43 MP: 9/9
  3569 | D:3      | Found a transporter.
  3569 | D:3      | Noticed rabbi's ghost (amateur OpFE)
  3575 | D:3      | Noticed Grinder
  3577 | D:3      | Paralysed by Grinder for 7 turns
  3602 | D:3      | Killed Grinder
  3603 | D:3      | Reached skill level 2 in Fighting
  3603 | D:3      | Reached XP level 7. HP: 51/51 MP: 7/10
  3660 | D:3      | Found a sacrificial altar of Ru.
  3747 | D:3      | Found a transporter.
  4062 | D:4      | Reached skill level 5 in Maces & Flails
  4253 | D:4      | Reached skill level 3 in Fighting
  4702 | D:4      | Found a sparkling altar of Nemelex Xobeh.
  4911 | D:5      | Entered Level 5 of the Dungeon
  4928 | D:5      | Reached XP level 8. HP: 48/59 MP: 7/11
  5074 | D:5      | Found a sacrificial altar of Ru.
  5259 | D:5      | Reached skill level 4 in Fighting
  5303 | D:5      | Found a snail-covered altar of Cheibriados.
  5466 | D:5      | Reached skill level 1 in Shields
  6034 | D:5      | Reached XP level 9. HP: 59/66 MP: 10/12
  6655 | D:6      | Found a staircase to the Ecumenical Temple.
  7460 | D:6      | Found a runed translucent door.
  7461 | D:6      | Noticed Crazy Yiuf
  8276 | D:6      | Killed Crazy Yiuf
  8385 | Temple   | Entered the Ecumenical Temple
  8491 | Temple   | Became a worshipper of Warmaster Okawaru
  8860 | D:7      | Noticed Duvessa
  8860 | D:7      | Noticed Dowan
  8893 | D:7      | Killed Duvessa
  8893 | D:7      | Reached * piety under Okawaru
  8894 | D:7      | Reached skill level 10 in Maces & Flails
  8907 | D:7      | Killed Dowan
  8953 | D:7      | Reached skill level 5 in Shields
  8953 | D:7      | Reached XP level 10. HP: 49/73 MP: 8/13
  9632 | D:7      | You fall into a shaft and drop 1 floor!
  9655 | D:8      | Found a burning altar of Makhleb.
  9962 | D:7      | Got a bloodstained ring mail
  9983 | D:6      | Identified the +4 ring mail of Activism {rF+ SInv} (You
                  | found it on level 7 of the Dungeon)
 10054 | D:7      | Found Pikurha's General Store.
 10070 | D:7      | Found an opulent altar of Gozag.
 10082 | D:7      | Found a shimmering altar of Xom.
 10144 | D:7      | Found a bloodstained altar of Trog.
 10332 | D:7      | Bought a scroll of fog for 28 gold pieces
 10521 | D:8      | Noticed a two-headed ogre
 10568 | D:8      | Killed a two-headed ogre
 10568 | D:8      | Reached ** piety under Okawaru
 10759 | D:8      | Noticed Pikel
 10793 | D:8      | Killed Pikel
 10793 | D:8      | Reached *** piety under Okawaru
 10989 | D:8      | Noticed a boulder beetle
 11767 | D:8      | Noticed a five-headed hydra
 11781 | D:8      | Killed a five-headed hydra
 11782 | D:8      | Reached XP level 11. HP: 62/78 MP: 7/14
 11799 | D:8      | Killed a boulder beetle
 11799 | D:8      | Reached **** piety under Okawaru
 11927 | D:8      | Found a shimmering altar of Xom.
 11928 | D:8      | Found a glowing golden altar of the Shining One.
 12449 | D:9      | Noticed an unseen horror
 12473 | D:9      | Killed an unseen horror
 12647 | D:9      | Reached skill level 5 in Fighting
 12659 | D:9      | Found a staircase to the Lair.
 12688 | D:9      | Found Uficoot's Magic Scroll Shoppe.
 12689 | D:9      | Found Okoecat's Armour Shoppe.
 12696 | D:9      | Bought a scroll of enchant weapon for 97 gold pieces
 12905 | D:8      | Reached ***** piety under Okawaru
 13162 | D:9      | Found a staircase to the Orcish Mines.
 13176 | D:10     | Entered Level 10 of the Dungeon
 13283 | D:10     | Reached skill level 6 in Fighting
 13848 | D:9      | Reached skill level 1 in Invocations
 14062 | D:9      | Received a gift from Okawaru
 14063 | D:9      | Reached skill level 5 in Armour
 14083 | Lair:1   | Entered Level 1 of the Lair of Beasts
 14083 | Lair:1   | Noticed an oklob plant
 14121 | Lair:1   | Killed an oklob plant
 14122 | Lair:1   | Reached XP level 12. HP: 75/88 MP: 7/15
 14551 | Lair:1   | Noticed Maggie
 14621 | Lair:1   | Killed Maggie
 14857 | Lair:1   | Reached skill level 5 in Invocations
 15566 | Lair:2   | Noticed a five-headed hydra
 15573 | Lair:2   | Killed a five-headed hydra
 15762 | Lair:2   | Noticed a seven-headed hydra
 15779 | Lair:2   | Killed a seven-headed hydra
 16311 | Lair:2   | Found a staircase to the Swamp.
 17164 | Lair:3   | Reached skill level 7 in Fighting
 17494 | Lair:3   | Reached XP level 13. HP: 96/96 MP: 17/17
 17924 | Lair:2   | Reached skill level 8 in Fighting
 18094 | Lair:3   | Received a gift from Okawaru
 18905 | Lair:3   | Found a hole to the Spider Nest.
 19686 | Lair:3   | Reached skill level 9 in Fighting
 20744 | Lair:4   | Reached skill level 10 in Armour
 22007 | Lair:4   | Reached skill level 10 in Fighting
 22518 | Lair:5   | Found a staircase to the Slime Pits.
 22999 | Lair:5   | Noticed a catoblepas
 23038 | Lair:4   | Killed a catoblepas
 23053 | Lair:5   | Reached XP level 14. HP: 100/111 MP: 13/18
 23672 | Lair:5   | You fall into a shaft and drop 1 floor!
 23672 | Lair:6   | Entered Level 6 of the Lair of Beasts
 23672 | Lair:6   | Found a runed translucent gate.
 23672 | Lair:6   | Found a runed translucent gate.
 23672 | Lair:6   | Found a runed translucent gate.
 23672 | Lair:6   | Noticed Beaer's ghost (journeyman VSBr)
 23673 | Lair:6   | Noticed mokwee's ghost (journeyman OpVM)
 23704 | Lair:6   | Received a gift from Okawaru
 23709 | Lair:6   | Got a brightly glowing plate armour {god gift}
 23719 | Lair:5   | Identified the +2 plate armour of the Barnacle {rF+ Int+3}
                  | (Okawaru gifted it to you on level 6 of the Lair of Beasts)
 23845 | Lair:6   | Reached skill level 11 in Fighting
 24583 | Lair:6   | Reached skill level 12 in Fighting
 24678 | Lair:6   | Noticed Kirke
 24691 | Lair:6   | Noticed a sphinx
 24701 | Lair:6   | Killed Kirke
 24840 | Lair:6   | Found a shadowy altar of Dithmenos.
 25366 | Lair:5   | Noticed Sonja
 25373 | Lair:5   | Killed Sonja
 25660 | Lair:5   | Reached skill level 13 in Fighting
 26653 | Lair:6   | Noticed a dire elephant
 26676 | Lair:6   | Killed a dire elephant
 26676 | Lair:6   | Received a gift from Okawaru
 26865 | Lair:6   | Found a burning altar of Makhleb.
 27225 | Lair:5   | Reached skill level 14 in Fighting
 27462 | Lair:6   | Reached XP level 15. HP: 122/126 MP: 17/19
 27484 | Lair:6   | Found a gateway to Hell.
 27679 | Orc:1    | Entered Level 1 of the Orcish Mines
 27795 | Orc:1    | Reached ****** piety under Okawaru
 28064 | Orc:1    | Found a roughly hewn altar of Beogh.
 28477 | Orc:2    | Entered Level 2 of the Orcish Mines
 28477 | Orc:2    | Found a frozen archway.
 28789 | IceCv    | Entered an ice cave
 29352 | IceCv    | Identified the Compendium of the Rocks and Poison
 29361 | IceCv    | Received a gift from Okawaru
 29368 | IceCv    | Got an ebony morningstar {god gift}
 29369 | IceCv    | Identified the +0 morningstar "Feheur" {pain, rPois SInv}
                  | (Okawaru gifted it to you in an ice cave)
 30007 | IceCv    | Reached skill level 15 in Maces & Flails
 30242 | IceCv    | Noticed a frost giant
 30254 | IceCv    | Killed a frost giant
 30499 | Orc:2    | Found Ivehicyota's Armour Shop.
 30499 | Orc:2    | Found Ywkaul's Book Emporium.
 30504 | Orc:2    | Found Afelovaa's Book Boutique.
 30797 | Orc:1    | Received a gift from Okawaru
 33137 | Orc:2    | Found Yhohei's Gadget Boutique.
 33178 | Orc:2    | Noticed an orc warlord
 33772 | Orc:2    | Killed an orc warlord
 33859 | Orc:2    | Bought a condenser vane for 400 gold pieces
 33990 | Orc:2    | Reached skill level 10 in Shields
 34505 | Orc:2    | Found a staircase to the Elven Halls.
 34670 | Orc:1    | Reached XP level 16. HP: 133/133 MP: 20/20
 35768 | D:9      | Received a gift from Okawaru
 36317 | D:10     | Received a gift from Okawaru
 36389 | D:10     | Identified the Papyrus of Confrontation
 37154 | D:11     | Found Nucayq's Assorted Antiques.
 37158 | D:11     | Bought a red potion for 34 gold pieces
 37767 | D:11     | Found Jarouh Ivvi's Distillery.
 37782 | D:11     | Bought a potion of curing for 36 gold pieces
 37782 | D:11     | Bought 2 potions of curing for 72 gold pieces
 37782 | D:11     | Bought a potion of curing for 36 gold pieces
 37782 | D:11     | Bought a potion of brilliance for 48 gold pieces
 37782 | D:11     | Bought a potion of mutation for 96 gold pieces
 38059 | D:11     | Found a shimmering blue altar of Sif Muna.
 38196 | D:12     | Paralysed by a hornet for 3 turns
 38343 | D:12     | Found the +10 Black Knight's barding {ponderous, rPois rN+}
 38406 | D:12     | Noticed Urug
 38422 | D:12     | Killed Urug
 38644 | D:12     | Identified Plog's Reference Book on the Arsonist and
                  | Malediction
 39235 | D:13     | Received a gift from Okawaru
 40737 | D:13     | Received a gift from Okawaru
 40944 | D:13     | Found a gate to the Vaults.
 41031 | D:14     | Noticed Frances
 41053 | D:14     | Killed Frances
 41827 | D:13     | Reached XP level 17. HP: 107/139 MP: 19/23
 43291 | D:15     | Entered Level 15 of the Dungeon
 43754 | D:15     | Found Calac's Book Emporium.
 44434 | D:15     | Received a gift from Okawaru
 44481 | D:15     | Found a staircase to the Depths.
 45002 | Swamp:1  | Entered Level 1 of the Swamp
 45181 | Lair:2   | Reached skill level 15 in Shields
 47361 | Swamp:1  | Found a runed translucent door.
 47362 | Swamp:1  | Identified the +6 trident of Gallantry {freeze, Will+}
 47362 | Swamp:1  | Identified the ring "Meijaole" {rElec rPois MP+9 Str+3
                  | Dex-3}
 47363 | Swamp:1  | Noticed Beaer's ghost (journeyman VSBr)
 49212 | Swamp:2  | Found a basalt altar of Yredelemnul.
 49992 | Swamp:3  | Found a transporter.
 49996 | Swamp:3  | Noticed Louise
 50056 | Swamp:3  | Cast into level 3 of the Abyss (Louise)
 50071 | Abyss:3  | Identified a scroll of acquirement
 50074 | Abyss:3  | Acquired the amulet "Poyn Kac" {Faith rF+}
 50190 | Abyss:3  | Found an ancient bone altar of Kikubaaqudgha.
 50195 | Abyss:3  | Noticed a tentacled starspawn
 50347 | Abyss:3  | Received a gift from Okawaru
 50433 | Abyss:3  | Reached XP level 18. HP: 121/147 MP: 24/24
 51309 | Abyss:3  | Paralysed by accursed screaming for 1 turns
 51327 | Abyss:3  | Found a corrupted altar of Lugonu.
 51420 | Abyss:3  | Found a hazy altar of Hepliaklqana.
 51894 | Abyss:3  | Noticed a bone dragon
 51921 | Abyss:3  | Found a corrupted altar of Lugonu.
 51959 | Swamp:3  | Escaped the Abyss
 52331 | Swamp:3  | Killed Louise
 52346 | Swamp:3  | Received a gift from Okawaru
 52512 | Swamp:3  | Found a transporter.
 52771 | Swamp:3  | HP: 2/148 [alligator (14)]
 53284 | Swamp:3  | Reached skill level 15 in Fighting
 53573 | Swamp:4  | Entered Level 4 of the Swamp
 54109 | Swamp:4  | HP: 6/149 [shambling mangrove (6)]
 54904 | Swamp:4  | Received a gift from Okawaru
 56763 | Swamp:4  | Got a decaying rune of Zot
 57129 | Spider:1 | Entered Level 1 of the Spider Nest
 57517 | Lair:6   | Killed mokwee's ghost
 57534 | Lair:6   | Killed Beaer's ghost
 57535 | Lair:6   | Reached skill level 1 in Throwing
 57757 | Spider:1 | Reached XP level 19. HP: 147/157 MP: 25/25
 58059 | Spider:1 | Reached skill level 16 in Fighting
 58427 | Spider:1 | Received a gift from Okawaru
 60669 | Spider:2 | Noticed Aizul
 60704 | Spider:2 | Killed Aizul
 60989 | Spider:2 | Noticed Jorgrun
 61487 | Spider:1 | Killed Jorgrun
 61629 | Spider:2 | Noticed Azrael
 61682 | Spider:1 | Killed Azrael
 61962 | Spider:2 | Reached skill level 5 in Throwing
 63611 | Spider:2 | Received a gift from Okawaru
 64919 | Spider:3 | Noticed Agnes
 64943 | Spider:2 | Killed Agnes
 66378 | Spider:4 | Entered Level 4 of the Spider Nest
 66997 | Spider:3 | Reached skill level 17 in Fighting
 67001 | Spider:3 | Reached XP level 20. HP: 144/168 MP: 26/26
 68044 | Spider:4 | Received a gift from Okawaru
 68530 | Spider:4 | Received a gift from Okawaru
 69301 | Spider:4 | Received a gift from Okawaru
 70704 | Spider:4 | Got a gossamer rune of Zot
 71426 | Vaults:1 | Entered Level 1 of the Vaults
 72256 | Vaults:1 | Reached skill level 18 in Fighting
 72922 | Vaults:1 | Received a gift from Okawaru
 73161 | Vaults:1 | Identified the +3 morningstar of Xodip {drain, +Blink Int+4
                  | Stlth+} (Okawaru gifted it to you on level 1 of the Vaults)
 73602 | Vaults:1 | Identified the +3 scale mail "Niyqeank" {Harm Rampage Dex-4
                  | Slay+5} (You found it on level 1 of the Vaults)
 74230 | Vaults:2 | Reached XP level 21. HP: 128/178 MP: 27/27
 74762 | Vaults:2 | Found a transporter.
 74850 | Vaults:2 | Received a gift from Okawaru
 75224 | Vaults:2 | Found a transporter.
 76317 | Vaults:2 | HP: 3/179 [two-headed ogre/+0 giant club (14)]
 76798 | Vaults:2 | Reached skill level 19 in Fighting
 77410 | Vaults:2 | Received a gift from Okawaru
 78332 | Vaults:3 | You fall into a shaft and drop 1 floor!
 78368 | Vaults:4 | Gained mutation: You possess an exceptional clarity of
                  | mind. [potion of mutation]
 78368 | Vaults:4 | Gained mutation: Your system is resistant to poisons.
                  | (rPois) [potion of mutation]
 78394 | Vaults:4 | Annihilated by a reaper

Illustrated notes

Levels and vault maps discovered:
D:1:      shiori_shiawase, layout_loops_ring
D:2:      minmay_kobold_bridge, layout_loops_ring, uniq_jessica
D:3:      layout_rooms, gammafunk_ghost_arena, minmay_crystal_water,
          nicolae_ru_great_annihilating_truth, uniq_grinder
D:4:      layout_basic, kennysheep_mini_moat
D:5:      kennysheep_steamy, layout_loops_ring, general_overflow_altar,
          overflow_temple_1_default
D:6:      layout_basic, minmay_temple_entry_offerings, uniq_crazy_yiuf_cottage
D:7:      layout_rooms, overflow_temple_1_default,
          amethyst_overflow_temple_binary, serial_shops,
          nicolae_shop_waterfront, bh_walls_and_bars, uniq_duvessa
D:8:      layout_cave_pods, bloody_makhleb, chequers_serial_rivers_large_b,
          jmf_multi_god_temple, uniq_pikel
D:9:      layout_gridville, due_lair_maze_entry_diamond,
          minmay_orc_entry_guard_dogs, serial_shops, shop_fountains, shop,
          kennysheep_generic_room_13
D:10:     minmay_four_partial_circles, layout_gridville
D:11:     layout_roguey, serial_shops, shop, shop, led_sif_book
D:12:     layout_roguey, uniq_urug
D:13:     layout_roguey, ximxim_vaults_locker_room, kennysheep_crisscross
D:14:     layout_cave_pools, kennysheep_nub, nrook_uturn,
          hangedman_decor_growths, uniq_frances
D:15:     hangedman_depths_entry_civil_slaughter, layout_gridville,
          serial_shops, nicolae_shop_crystal
Temple:   regret_index_temple_generic_petals
Lair:1:   layout_roguey, dpeg_stationary_puzzle, grunt_megastairs_5,
          infiniplex_staircase_pool_2, uniq_maggie
Lair:2:   layout_roguey, palyth_hydra_swamp_entry
Lair:3:   layout_regular_city, spider_nest_entry_funnel_web, lemuel_fruit_tree
Lair:4:   layout_cave_pods, serial_rivers, chequers_serial_rivers_micro_c,
          chequers_serial_rivers_small_a, chequers_serial_rivers_large_a,
          chequers_serial_rivers_small_b, cheibrodos_lair_reptile_den
Lair:5:   minmay_lair_venomous_thicket, layout_loops_ring,
          minmay_slime_entry_pillars, minmay_stone_trees_small,
          beast_lair_carwin_2, grunt_megastairs_3, uniq_sonja
Lair:6:   evil_forest, layout_misc_corridors, gammafunk_ghost_cemetery,
          lightli_volcano_entry_magma_tube, lemuel_oklob_altar, uniq_kirke
Swamp:1:  layout_basic_swamp, ebering_ghost_funeral_grove,
          nicolae_swamp_orc_logging_accident, infiniplex_staircase_pool
Swamp:2:  layout_falls_marsh, nicolae_swamp_godswood, swamp_pool5
Swamp:3:  gammafunk_worm_tunnel, layout_basic_swamp, nicolae_swamp_fairy_circle,
          uniq_louise
Swamp:4:  swamp_fiery, layout_basic_swamp, swamp_pool4, nicolae_swamp_snake_nest
Spider:1: layout_chambers
Spider:2: layout_spider_delve, nicolae_spider_stair_cavern, uniq_jorgrun,
          uniq_aizul, uniq_azrael
Spider:3: layout_spider_delve, einodemon_crawler_minivault, uniq_agnes
Spider:4: spider_rune_water, drop_trap
Orc:1:    layout_diamond_mine, lemuel_statue_altar
Orc:2:    st_orc_open, layout_caves, special_room,
          portal_ice_cave_entry_ice_beasts
Vaults:1: v_misc_4, v_misc_29, v_rooms_1, v_rooms_4,
          nicolae_vaults_little_squares_2, nicolae_vaults_little_ls, v_rooms_2,
          hangedman_vaults_stretched_pinwheel, ontoclasm_vaults_loading_screen,
          layout_vaults_ring
Vaults:2: v_alt_pattern_2, vaults_mumra_chevron_long, gammafunk_dig_for_victory,
          v_misc_27, vaults_room_corners, hangedman_vaults_maws,
          vaults_mumra_minichess, v_misc_2, grunt_vaults_hallway_short,
          vaults_room_grid, layout_vaults_chaotic_city
Vaults:3: hangedman_vaults_variations, v_pattern_4,
          minmay_crypt_entry_simple_box, nicolae_vaults_ring_of_whatevers,
          vaults_dpeg_encased_lava, v_misc_3, vaults_mumra_lcd,
          nicolae_vaults_circle_grid_b, v_alt_pattern_5,
          ontoclasm_vaults_ring_square, v_misc_10, nicolae_vaults_specimen_jars,
          v_misc_10, ontoclasm_vaults_claustrophobia, vaults_dpeg_ring,
          vaults_room_mumra_shop_pool, layout_vaults_omnicross, uniq_margery
Vaults:4: nicolae_vaults_little_squares_3, st_spiral_rooms,
          grunt_vaults_hallway_short, ontoclasm_vaults_twist,
          layout_vaults_omnigrid

Skill      XL: |  1  2  3  4  5  6  7  8  9 10 11 12 13 14 15 16 17 18 19 20 21 |
---------------+----------------------------------------------------------------+-----
Fighting       | 1 2 3 4 6 7 10 14 15 17 18 19 | 19.2
Maces & Flails | 1 2 3 4 6 8 10 12 14 15 16 | 16.1
Hexes          | 4 |  4.1
Armour         | 2 5 7 10 11 13 14 | 14.5
Shields        | 2 5 6 10 13 16 17 18 | 18.6
Invocations    | 2 6 8 |  8.0
Throwing       | 1 6 |  6.1
Short Blades   | |  1.0
Dodging        | |  2.0
Stealth        | |  3.0
Spellcasting   | |  2.0

Action                   |  1- 3 |  4- 6 |  7- 9 | 10-12 | 13-15 | 16-18 | 19-21 || total
-------------------------+-------+-------+-------+-------+-------+-------+-------++-------
Melee: Dagger            |    45 |   140 |       |       |       |       |       ||   185
       Whip              |    20 |       |       |       |       |       |       ||    20
       Short sword       |       |    12 |   253 |    29 |       |       |       ||   294
       Mace              |       |       |   204 |   912 |       |       |       ||  1116
       Demon whip        |       |       |       |   103 |  2151 |  2714 |       ||  4968
       Morningstar       |       |       |       |       |   231 |       |       ||   231
       Eveningstar       |       |       |       |       |       |   500 |  2475 ||  2975
Throw: Dart              |       |       |     6 |    29 |    14 |     8 |    47 ||   104
       Javelin           |       |       |       |     1 |       |       |       ||     1
 Cast: Corona            |     5 |    11 |       |       |       |       |       ||    16
Invok: Heroism           |       |       |       |     6 |     9 |     9 |     1 ||    25
       Finesse           |       |       |       |       |     2 |     3 |    12 ||    17
 Abil: Stop Flying       |       |       |       |       |       |       |     1 ||     1
Evoke: Wand              |       |       |       |    13 |    12 |     1 |    16 ||    42
       Condenser vane    |       |       |       |       |       |     1 |     3 ||     4
       Phantom mirror    |       |       |       |       |       |       |     1 ||     1
  Use: Potion            |     2 |     2 |     2 |     4 |     8 |    18 |    13 ||    49
       Scroll            |       |     2 |     8 |    11 |    13 |    20 |    14 ||    68
 Stab: Sleeping          |     5 |     1 |       |     3 |       |       |       ||     9
       Distracted        |     1 |       |       |       |       |     1 |       ||     2
       Paralysed         |       |       |     1 |       |     5 |     2 |       ||     8
       Invisible         |       |       |     1 |       |       |       |       ||     1
       Held in net/web   |       |       |       |       |       |       |     8 ||     8
Armor: Robe              |     7 |    28 |       |       |       |       |       ||    35
       Scale mail        |       |    35 |   152 |       |       |       |       ||   187
       Ring mail         |       |       |       |   307 |    12 |       |       ||   319
       Plate armour      |       |       |       |       |  1116 |  1575 |  1681 ||  4372
Dodge: Dodged            |    29 |    94 |   280 |   629 |   730 |   469 |   539 ||  2770
Block: Buckler           |       |       |    51 |   310 |   640 |   431 |       ||  1432
       Kite shield       |       |       |       |       |       |   792 |  1690 ||  2482
